Map: Lock & Load

Players

NamroodTuo

  • Race: Terran Terran
  • Spawn Location: 6:00

lear

  • Race: Zerg Zerg

VOD

Have the link to the VOD?

Description

Time

  • Played on: April 24, 2023, 10:06 a.m.
  • Length: 21:21
Show
View Real Time Build Order
Export as new Build Order

NamroodTuo Terran 

Build Orders:  

Get SALT Encoding   

  12  0:10  SCV  
  13  0:24  SCV  
  14  0:31  Supply Depot  
  14  0:37  SCV  
  15  0:51  SCV  
  16  1:04  SCV  
  17  1:10  Factory  
  17  1:18  SCV  
  18  1:25  Supply Depot  
  18  1:49  SCV  
  19  2:08  Refinery  
  19  2:12  Refinery  
  19  2:19  SCV  
  20  2:32  SCV  
  21  2:46  SCV  
  22  2:59  SCV  
  22  3:00  Goliath  
  25  3:13  SCV  
  26  3:26  SCV  
  27  3:37  Perdition Turret  
  27  3:40  SCV  
  27  3:43  Engineering Bay  
  28  4:09  Starport  
  28  4:36  Devastation Turret  
  28  4:46  Spinning Dizzy  
  28  4:54  SCV  
  29  5:02  Devastation Turret  
  29  5:08  SCV  
  30  5:13  Starport Tech Reactor  
  30  5:21  SCV  
  30  5:26  Armory  
  31  5:45  Supply Depot  
  31  6:05  SCV  
  31  6:07  KMC Auto-Loaders, Supply Depot  
  32  6:18  SCV  
  33  6:45  Command Center  
  33  7:00  SCV  
  33  7:05  Wraith  
  36  7:13  SCV  
  37  7:27  SCV  
  38  7:37  Fire-Suppression Systems  
  38  7:40  SCV  
  38  7:44  Starport, Advanced Optics  
  39  8:01  SCV  
  39  8:06  SCV  
  41  8:14  SCV  
  42  8:20  SCV  
  42  8:28  SCV  
  42  8:29  Refinery  
  44  8:30  Perdition Turret  
  44  8:33  SCV, Refinery  
  44  8:37  Hi-Sec Auto Tracking  
  45  8:41  SCV  
  45  8:47  SCV  
  47  9:00  SCV, Perdition Turret  
  48  9:13  Starport Tech Reactor  
  48  9:14  SCV  
  48  9:15  Pulse Amplifier  
  49  9:27  SCV  
  50  9:41  SCV  
  50  9:44  Regenerative Bio-Steel  
  51  9:55  SCV  
  52  10:02  Supply Depot  
  52  10:08  SCV, Science Vessel  
  52  10:09  Wraith  
  57  10:11  Displacement Field  
  57  10:15  Improved Nano-Repair  
  57  10:17  Wraith  
  57  10:19  Wraith  
  61  10:22  SCV  
  62  10:33  Supply Depot  
  62  10:35  SCV  
  63  10:52  Science Vessel  
  63  10:56  Wraith  
  63  10:57  Science Vessel  
  69  11:02  Perdition Turret  
  69  11:03  Wraith  
  69  11:05  Supply Depot  
  71  11:11  Defensive Matrix  
  71  11:19  SCV  
  72  11:25  Spinning Dizzy, Supply Depot  
  72  11:33  SCV  
  72  11:36  Science Vessel  
  75  11:40  Wraith  
  75  11:42  Supply Depot  
  75  11:43  Wraith  
  75  11:45  Science Vessel  
  81  12:01  Terran Vehicle and Ship Weapons Level 1  
  81  12:06  Structure Armor  
  81  12:20  Wraith  
  81  12:23  Wraith  
  81  12:24  Wraith  
  87  12:32  Wraith  
  89  13:00  Wraith  
  89  13:03  Wraith  
  89  13:04  Wraith  
  95  13:12  Wraith  
  97  13:20  Perdition Turret  
  97  13:40  Wraith  
  97  13:43  Wraith  
  97  13:45  Spinning Dizzy  
  97  13:49  Devastation Turret  
  101  14:00  Devastation Turret  
  101  14:01  Supply Depot  
  101  14:08  Wraith  
  101  14:22  Wraith x2  
  101  14:23  Wraith, Supply Depot  
  107  14:41  Terran Vehicle And Ship Armor Level 1  
  107  14:48  Wraith  
  109  15:02  Wraith  
  111  15:23  Perdition Turret  
  111  15:48  Spinning Dizzy  
  107  16:09  Devastation Turret  
  107  16:22  Wraith  
  107  16:23  Wraith x3  
  115  16:39  Supply Depot  
  115  16:41  Supply Depot x2  
  115  16:42  Supply Depot  
  115  16:43  Supply Depot  
  115  16:45  Supply Depot  
  115  17:02  Science Vessel  
  115  17:03  Science Vessel, Wraith x2  
  122  17:43  Science Vessel x2  
  126  17:50  Wraith  
  126  17:51  Wraith  
  130  18:30  Wraith  
  130  18:31  Wraith x2  
  130  18:38  Wraith  
  138  19:05  Perdition Turret  
  138  19:10  Wraith x2  
  138  19:11  Wraith  
  138  19:18  Wraith  
  146  19:29  Spinning Dizzy  
  146  19:50  Wraith  
  146  19:51  Devastation Turret  
Show
View Real Time Build Order
Export as new Build Order

lear Zerg 

Build Orders:  

Get SALT Encoding   

  18  0:35  Primal Drone  
  18  0:36  Primal Drone x4  
  23  1:16  Primal Drone x2  
  23  1:17  Extractor  
  23  1:18  Extractor  
  25  2:11  Primal Drone  
  25  2:12  Primal Drone x3  
  29  2:38  Primal Drone  
  30  3:47  Primal Drone  
  30  3:48  Primal Drone x2  
  33  3:50  Primal Attacks Level 1  
  34  4:10  Primal Warden  
  34  4:15  Primal Warden  
  34  4:19  Primal Warden  
  37  4:23  Primal Warden  
  37  4:42  Primal Drone  
  37  4:43  Primal Drone x3  
  37  4:46  Primal Drone  
  47  5:07  Primal Hive  
  47  6:30  Primal Carapace Level 1  
  47  7:27  Primal Zergling  
  47  7:28  Primal Zergling x19  
  67  7:31  Primal Drone  
  67  7:32  Primal Drone x4  
  72  7:42  Primal Hive  
  72  7:51  Primal Drone  
  72  7:52  Primal Drone x4  
  72  7:59  Ravasaur x2  
  77  8:00  Ravasaur x5  
  77  8:01  Ravasaur x2  
  77  8:02  Ravasaur  
  77  9:09  Primal Drone  
  78  9:10  Primal Drone x3  
  78  9:11  Extractor  
  78  9:17  Primal Drone  
  78  9:18  Primal Drone  
  78  9:19  Primal Drone  
  84  9:27  Primal Drone x2  
  86  9:30  Primal Drone x2  
  86  9:31  Extractor  
  88  10:44  Primal Drone x2  
  88  10:45  Primal Drone  
  91  11:02  Glevig's Den  
  90  12:27  Primal Drone x2  
  92  12:35  Dissolving Acid  
  92  12:36  Murvar's Den  
  91  13:24  Primal Hydralisk  
  91  13:25  Primal Hydralisk x8  
  91  13:26  Primal Hydralisk x11  
  131  13:35  Muscular Augments  
  127  15:08  Primal Mutalisk x2  
  127  15:09  Primal Mutalisk x5  
  120  15:10  Primal Mutalisk x3  
  117  15:24  Dakrun's Den  
  117  15:25  Primal Attacks Level 2  
  117  15:27  Primal Carapace Level 2  
  116  15:31  Primal Drone  
  117  16:08  Primal Reconstitution  
  115  17:38  Slicing Glave  
  115  17:51  Primal Ultralisk  
  115  17:52  Primal Ultralisk x12  
  115  17:53  Primal Ultralisk  
  199  18:23  Barrage of Spikes  
  178  19:23  Healing Adaptation  
Tags
 
Commander
DehakaSwann
Matchup
Co-op
Replay Pack
Multiplayer
Add a new tag
Caveats
  • Supply blocks, unpowered buildings, or Contaminate may cause inaccurate times.
  • Supply counts are checked every 10 seconds.